 Dungeon Crawl Stone Soup version 0.23.2-1-ga50397a6bc (webtiles) character file.

Game seed: 8203837871397607601

18820 Mrkan the Peltast (level 12, -4/115 HPs)
             Began as a Minotaur Fighter on May 23, 2019.
             Was an Elder of Ashenzari.
             Slain by a spiny frog (11 damage)
             ... on level 4 of the Lair of Beasts.
             The game lasted 00:31:01 (13607 turns).

Mrkan the Peltast (Minotaur Fighter)               Turns: 13607, Time: 00:31:02

Health: -4/115     AC: 13    Str: 23    XL:     12   Next: 31%
Magic:  11/11      EV: 10    Int:  8    God:    Ashenzari [****..]
Gold:   1061       SH: 18    Dex: 13    Spells: 11/11 levels left

rFire    . . .     SeeInvis +   B - +0 broad axe
rCold    . . .     Gourm    .   c - +0 shield
rNeg     . . .     Faith    .   u - +0 plate armour
rPois    +         Spirit   .   s - +0 hat {Int+3}
rElec    .         Reflect  +   i - scarf {repulsion}
rCorr    .         Harm     .   p - +1 pair of gloves
MR       .....     Clarity  +   (no boots)
Stlth    ..........             r - +4 amulet of reflection
HPRegen  0.29/turn              o - ring of poison resistance
MPRegen  0.12/turn              (no ring)

@: repel missiles
A: retaliatory headbutt, horns 2
a: Curse Item, Scrying, Renounce Religion


You were on level 4 of the Lair of Beasts.
You worshipped Ashenzari.
Ashenzari was greatly pleased with you.
You were not hungry.

You visited 2 branches of the dungeon, and saw 15 of its levels.

You collected 1061 gold pieces.

Inventory:

Hand Weapons
 a - a +1 war axe
 g - a +1 dire flail of venom
 B - a +0 broad axe (weapon)
 C - a +0 trident of flaming
 K - a +0 dire flail
 Q - a cursed +0 battleaxe
Armour
 c - a +0 shield (worn)
 i - a scarf of repulsion (worn)
 p - a +1 pair of gloves (worn)
 s - a +0 hat of intelligence (worn)
 u - a +0 plate armour (worn)
Jewellery
 o - a ring of poison resistance (left hand)
 r - a +4 amulet of reflection (around neck)
 v - a +3 ring of strength
 y - a +3 ring of strength
 H - an uncursed ring of fire
 J - an uncursed amulet of harm
 L - an uncursed ring of ice
 M - an uncursed ring of fire
 O - an uncursed amulet of faith
Wands
 d - a wand of scattershot (6)
 G - a wand of flame (44)
 R - a wand of paralysis (10)
 S - a wand of enslavement (11)
 T - a wand of polymorph (6)
Scrolls
 b - 9 scrolls of identify
 h - 9 scrolls of teleportation
 k - 4 scrolls of amnesia
 n - 4 scrolls of fog
 x - 2 scrolls of fear
 z - 2 scrolls of enchant armour
 D - 4 scrolls of enchant weapon
 F - a scroll of magic mapping
 I - a scroll of blinking
 N - 2 scrolls of remove curse
Potions
 e - 2 potions of heal wounds
 j - a potion of resistance
 l - 3 potions of agility
 m - 2 potions of lignification
 q - 7 potions of curing
 t - a potion of haste
 w - 4 potions of invisibility
 E - a potion of cancellation
 P - a potion of flight {unknown}
Comestibles
 f - 29 rations
 U - 4 chunks of flesh


   Skills:
 - Level 13.0 Fighting
 - Level 10.2 Axes
 - Level 3.6 Armour
 + Level 9.2 Dodging
 - Level 15.0 Shields


You had 11 spell levels left.
You didn't know any spells.
Your spell library contained the following spells:

 Spells                   Type           Power        Failure   Level  Hunger
 Magic Dart               Conj           #...         100%        1    ##.....
 Poisonous Vapours        Pois/Air       #.....       100%        2    ###....
 Searing Ray              Conj           #.....       100%        2    ###....
 Conjure Flame            Conj/Fire      #.......     100%        3    ####...
 Dazzling Spray           Conj/Hex       #.....       100%        3    ####...
 Mephitic Cloud           Conj/Pois/Air  #.......     100%        3    ####...
 Cause Fear               Hex            #.........   100%        4    #####..
 Force Lance              Conj/Tloc      #.......     100%        4    #####..
 Fulminant Prism          Conj/Hex       #.........   100%        4    #####..
 Iskenderun's Mystic Bla  Conj           #.......     100%        4    #####..
 Silence                  Hex/Air        #.........   100%        5    ######.
 Yara's Violent Unravell  Hex/Tmut       #.........   100%        5    ######.
 Deflect Missiles         Chrm/Air       #.........   100%        6    #######
 Freezing Cloud           Conj/Ice/Air   #.........   100%        6    #######
 Ring of Flames           Chrm/Fire      #.........   100%        7    #######
 Discord                  Hex            #.........   100%        8    #######


Dungeon Overview and Level Annotations

Branches:
Dungeon (11/15)            Temple (0/1) D:5            Lair (4/6) D:10
  Swamp (0/4) Lair:2        Snake (0/4) Lair:2          Orc (0/2) D:10

Altars:
Ashenzari
Cheibriados
Dithmenos
Elyvilon
Fedhas
Hepliaklqana
Kikubaaqudgha
Nemelex Xobeh
Qazlal
Sif Muna
Uskayaw
Wu Jian
Yredelemnul
The Shining One

Shops:
D:10 %

Annotations:
D:5 2 runed translucent doors, mrkaede's ghost, novice MiFi
Lair:1 3 runed translucent doors, Dommiel19's ghost, journeyman DsAK
Lair:2 exclusion: 2 oklob plants
Lair:4 3 runed translucent doors, Tunlugh's ghost, adept GrEE


Innate Abilities, Weirdness & Mutations

You reflexively headbutt those who attack you in melee.
You have a pair of horns on your head.


Message History

The spiny frog croaks.
You block the spiny frog's attack. You block the wyvern's attack.
You block the spiny frog's attack. You block the wyvern's attack.
The spiny frog barely misses you. You furiously retaliate!
You headbutt the spiny frog!! The wyvern misses you. You furiously retaliate!
You headbutt the wyvern!
The spiny frog stings you but does no damage.
You block the wyvern's attack.
You feel a little less mighty now. The wyvern barely misses you.
You furiously retaliate!
You headbutt the wyvern! You block the spiny frog's attack.
You block the wyvern's attack. You block the spiny frog's attack.
The wyvern barely misses you. You block the spiny frog's attack.
The wyvern barely misses you. You block the wyvern's attack.
You block the spiny frog's attack. The wyvern bites you!
* * * LOW HITPOINT WARNING * * *
You block the spiny frog's attack. You block the wyvern's attack.
The spiny frog stings you!
You die...

.#.........................P♣.♣P.
............P.......#####.♣PP...♣
, , , ....#........###...♣...♣.
*,, ,...........#...##........ ,
, ..#......P.###.##.....(.. ,
,,.............#........... , ,
........##P.......#.#.... , *,,
#......Fl##.##.....##.... , ,,
#......#@#####..........#
.......### #.#.####... # ,,
.....S#, ** ##### *.## , ,,
...... * * #* , , , , ...... ,,*
** , ,...F.#,*,** ,* * ,,, , ,,,
.##.., , ** *, , , ** , , , * , ,
* ,, ,, ,< ,, * *


You could see a spiny frog and a wyvern.

Vanquished Creatures
  Gastronok (D:8)
  Josephine (D:11)
  Erolcha (D:9)
  Fannar (Lair:2)
  A death yak (Lair:4)
  An ugly thing (D:11)
  A black mamba (Lair:3)
  Joseph (D:6)
  6 spiny frogs
  Psyche (D:9)
  2 komodo dragons
  Prince Ribbit (D:6)
  A hornet (Lair:2)
  4 blink frogs (Lair:4)
  6 hippogriffs
  3 wyverns
  A vampire (D:10)
  A shadow (D:11)
  6 wraiths (D:11)
  Grum (D:10)
  A hungry ghost (D:7)
  Menkaure (D:6)
  An acid dragon (D:11)
  Edmund (D:5)
  2 nagas (Lair:2)
  4 water moccasins
  2 black bears
  4 orc warriors
  3 porcupines
  A phantom (D:11)
  A necrophage (D:5)
  6 ice beasts
  2 wolves (D:10)
  2 ogres
  2 centaurs
  6 crocodiles
  A big kobold (D:9)
  11 bullfrogs
  A gnoll sergeant (D:10)
  2 scorpions
  A water moccasin skeleton (D:7)
  A vampire bat (D:2)
  2 electric eels
  8 wights
  2 howler monkeys
  A bullfrog zombie (D:7)
  7 crimson imps
  A centaur zombie (D:10)
  4 hounds
  A quasit (D:6)
  2 bullfrog skeletons
  6 orc priests
  7 iguanas
  A jelly (D:11)
  6 orc wizards
  Terence (D:3)
  6 worker ants
  2 polar bear simulacra (Lair:2)
  2 yak simulacra (Lair:2)
  A wolf simulacrum (Lair:2)
  7 gnolls
  10 adders
  2 shadow imps
  3 oozes
  An adder skeleton (D:10)
  4 worms
  3 dart slugs
  2 leopard geckos
  43 orcs
  A ball python (D:1)
  2 bat skeletons (D:2)
  3 bat zombies (D:2)
  3 giant cockroaches
  8 goblins
  8 hobgoblins
  6 jackals
  13 kobolds
  8 quokkas
  11 bats
  A frilled lizard (D:2)
  A giant cockroach zombie (D:6)
  2 quokka zombies (D:5)
  10 rats
  6 river rat simulacra (Lair:2)
  A fungus (Lair:3)
  A plant (Lair:1)
317 creatures vanquished.

Vanquished Creatures (others)
  A necromancer (Lair:2)
  A centaur (D:9)
  4 bushes (Lair:2)
  5 plants (Lair:2)
11 creatures vanquished.

Grand Total: 328 creatures vanquished

Notes
Turn   | Place    | Note
-------+----------+-------------------------------------------
     0 | D:1      | Mrkan the Minotaur Fighter began the quest for the Orb.
     0 | D:1      | Reached XP level 1. HP: 19/19 MP: 0/0
    39 | D:1      | Reached skill level 4 in Shields
    46 | D:1      | Reached XP level 2. HP: 24/26 MP: 1/1
   440 | D:1      | Reached XP level 3. HP: 31/31 MP: 2/2
   709 | D:2      | Reached skill level 5 in Shields
   709 | D:2      | Reached XP level 4. HP: 10/39 MP: 3/3
   737 | D:2      | HP: 1/39 [poisoned by an adder]
  1028 | D:2      | Found a deep blue altar of Sif Muna.
  1313 | D:2      | Found an ancient bone altar of Kikubaaqudgha.
  1352 | D:2      | Reached skill level 5 in Axes
  1352 | D:2      | Reached XP level 5. HP: 43/45 MP: 4/4
  1602 | D:3      | Reached skill level 6 in Shields
  1835 | D:3      | Noticed Terence
  1847 | D:3      | Killed Terence
  1847 | D:3      | Reached XP level 6. HP: 51/51 MP: 5/5
  1872 | D:3      | HP: 1/51 [gnoll/+0 spear (9)]
  2234 | D:3      | Found a blossoming altar of Fedhas.
  2655 | D:4      | Reached skill level 7 in Shields
  2898 | D:4      | Found a shattered altar of Ashenzari.
  2922 | D:4      | Reached XP level 7. HP: 55/57 MP: 6/6
  3324 | D:4      | Became a worshipper of Ashenzari the Shackled
  3342 | D:5      | Entered Level 5 of the Dungeon
  3342 | D:5      | Noticed Edmund
  3361 | D:5      | Killed Edmund
  3361 | D:5      | Reached skill level 8 in Shields
  3526 | D:5      | Found a hide-covered altar of Uskayaw.
  3597 | D:5      | Reached XP level 8. HP: 51/64 MP: 7/7
  3648 | D:5      | Found a runed translucent door.
  3648 | D:5      | Noticed mrkaede's ghost (novice MiFi)
  3728 | D:5      | Found a staircase to the Ecumenical Temple.
  3798 | D:5      | Found a runed translucent door.
  3801 | D:5      | Reached * piety under Ashenzari
  3813 | D:5      | Reached skill level 9 in Shields
  4229 | D:6      | Noticed Menkaure
  4237 | D:6      | Killed Menkaure
  4332 | D:6      | Noticed Prince Ribbit
  4355 | D:6      | Killed Prince Ribbit
  4389 | D:6      | Reached skill level 10 in Shields
  4435 | D:6      | Found a shadowy altar of Dithmenos.
  4451 | D:6      | Reached skill level 10 in Axes
  4644 | D:6      | Reached XP level 9. HP: 54/70 MP: 8/8
  5314 | D:7      | Noticed Joseph
  5329 | D:6      | Killed Joseph
  5329 | D:6      | Reached skill level 5 in Fighting
  5355 | D:6      | Reached skill level 11 in Shields
  5858 | D:7      | Found a sparkling altar of Nemelex Xobeh.
  5980 | D:7      | Reached ** piety under Ashenzari
  6507 | D:8      | Noticed Gastronok
  6534 | D:8      | Killed Gastronok
  6534 | D:8      | Reached skill level 10 in Fighting
  6534 | D:8      | Reached skill level 12 in Shields
  6534 | D:8      | Reached XP level 10. HP: 51/94 MP: 9/9
  6555 | D:9      | Found a hazy altar of Hepliaklqana.
  6711 | D:8      | Identified the +5 dagger "Quchar Luiti" {pierce, rC+ MR+
                  | Str-2}
  6811 | D:8      | Found an ornate altar of the Wu Jian Council.
  6841 | D:8      | Found a stormy altar of Qazlal.
  6926 | D:8      | Identified the +4 dagger "Warougul" {pierce, rF+}
  6986 | D:8      | Found a glowing golden altar of the Shining One.
  7179 | D:9      | Found a snail-covered altar of Cheibriados.
  7181 | D:9      | Found a white marble altar of Elyvilon.
  7181 | D:9      | Found a basalt altar of Yredelemnul.
  7228 | D:9      | Noticed Psyche
  7247 | D:9      | Killed Psyche
  7479 | D:9      | Noticed Erolcha
  7522 | D:9      | Killed Erolcha
  7796 | D:10     | Entered Level 10 of the Dungeon
  7803 | D:10     | Reached skill level 13 in Shields
  7851 | D:10     | Found a stormy altar of Qazlal.
  7990 | D:10     | Found Xoschaoxa's Food Boutique.
  7995 | D:10     | Noticed Grum
  8028 | D:10     | Killed Grum
  8028 | D:10     | Reached XP level 11. HP: 52/104 MP: 10/10
  8047 | D:10     | Found a hazy altar of Hepliaklqana.
  8085 | D:10     | Found a staircase to the Orcish Mines.
  8154 | D:10     | Reached *** piety under Ashenzari
  8188 | D:10     | Found a staircase to the Lair.
  8901 | D:11     | Noticed a purple ugly thing
  8923 | D:11     | Killed a purple ugly thing
  9101 | D:11     | Reached skill level 1 in Dodging
  9198 | D:11     | Noticed Josephine
  9215 | D:11     | Killed Josephine
  9418 | D:11     | Reached skill level 14 in Shields
  9582 | Lair:1   | Entered Level 1 of the Lair of Beasts
  9918 | Lair:1   | Found a runed translucent gate.
  9918 | Lair:1   | Found a runed translucent gate.
  9918 | Lair:1   | Found a runed translucent gate.
  9986 | Lair:1   | Noticed Dommiel19's ghost (journeyman DsAK)
 10334 | Lair:2   | Noticed Fannar
 10368 | Lair:2   | Killed Fannar
 10368 | Lair:2   | Reached skill level 5 in Dodging
 10693 | Lair:2   | Noticed an oklob plant
 10703 | Lair:2   | Noticed an oklob plant
 10733 | Lair:2   | Noticed a necromancer
 10739 | Lair:2   | Killed a necromancer
 10899 | Lair:2   | Found a staircase to the Snake Pit.
 11427 | Lair:2   | Found a staircase to the Swamp.
 11932 | Lair:3   | Reached XP level 12. HP: 41/115 MP: 11/11
 12386 | Lair:3   | Reached skill level 15 in Shields
 12712 | Lair:3   | Reached **** piety under Ashenzari
 13287 | Lair:4   | Found a runed translucent gate.
 13448 | Lair:4   | Found a runed translucent gate.
 13448 | Lair:4   | Found a runed translucent gate.
 13448 | Lair:4   | Noticed a five-headed hydra
 13450 | Lair:4   | Noticed a minotaur
 13450 | Lair:4   | Noticed Tunlugh's ghost (adept GrEE)
 13520 | Lair:4   | Noticed a death yak
 13541 | Lair:4   | Killed a death yak
 13607 | Lair:4   | Slain by a spiny frog

Skill      XL: |  1  2  3  4  5  6  7  8  9 10 11 12 |
---------------+-------------------------------------+-----
Shields        | 4 5 6 7 8 10 12 13 14 15 | 15.0
Axes           | 3 4 5 6 8 10 | 10.2
Fighting       | 10 12 13 | 13.0
Dodging        | 6 9 |  9.2
Armour         | |  3.6

Action                   |  1- 3 |  4- 6 |  7- 9 | 10-12 || total
-------------------------+-------+-------+-------+-------++-------
Melee: War axe           |    73 |   176 |   309 |    78 ||   636
       Headbutt          |     9 |    33 |    69 |   123 ||   234
       Broad axe         |       |       |       |   452 ||   452
Invok: Curse Item        |       |       |     1 |       ||     1
  Use: Scroll            |       |       |    13 |     4 ||    17
       Potion            |       |       |     5 |     7 ||    12
 Stab: Distracted        |       |       |       |     1 ||     1
  Eat: Chunk             |       |     5 |     5 |     9 ||    19
       Ration            |       |     1 |     2 |     4 ||     7
Armor: Scale mail        |    40 |    65 |       |       ||   105
       Plate armour      |       |     5 |    93 |   121 ||   219
       Skin              |       |       |       |    19 ||    19
Dodge: Dodged            |    30 |    51 |    34 |    98 ||   213
       Deflected         |       |     6 |     1 |    12 ||    19
Block: Shield            |    51 |   125 |   217 |   483 ||   876
       Reflection        |       |       |     3 |    20 ||    23
